AoeStats
← gerole

Black Forest

509539681Analyzed
3v3 RM · 5d ago on Sep 27, 2026· 57m 31s· 6 players
Game mode
Random Map
Map size
Normal (6 player)
Population
200
Speed
Normal
Resources
Standard
Victory
Conquest
Starting age
Dark Age
Ending age
Imperial Age
RankedLock teamsTeams togetherTeam positionsShared explorationLock speedFull tech treeHidden civsTurbo modeCheats
Victory
Defeat
🇹🇷 Turks · Türkiye
717
+7
715
+7
🇭🇰 Hindustanis · Hong Kong SAR China
651
+10
🇲🇽 Aztecs · Mexico
522
-9
🇺🇸 Romans · United States
498
-8
🇲🇽 Jurchens · Mexico
486
-7
maueg2809
14:10 Feudal Age
15:45 Wheelbarrow
15:07 Double-Bit Axe
15:06 Horse Collar
15:22 Gold Mining
15:22 Stone Mining
19:08 Arson
20:47 Forging
20:38 Scale Mail Armor
20:39 Padded Archer Armor
20:30 Fletching
24:26 Castle Age
26:03 Hand Cart
25:57 Heavy Plow
26:25 Bow Saw
27:57 Iron Casting
27:37 Chain Mail Armor
27:38 Leather Archer Armor
27:52 Squires
27:38 Gambesons
33:03 Imperial Age
31:54 Gold Shaft Mining
31:58 Stone Shaft Mining
32:59 Bodkin Arrow
35:21 Atlatl
36:43 Blast Furnace
36:14 Plate Mail Armor
35:44 Bracer
37:18 Eagle Warrior
39:16 Garland Wars
39:07 Elite Skirmisher
39:12 Elite Eagle Warrior
39:14 Pikeman
40:59 Capped Ram
42:27 Siege Ram
43:59 Elite Jaguar Warrior
54:15 Ballistics
54:56 Chemistry
53:43 Arrowslits
el_tono
14:47 Feudal Age
24:36 Castle Age
27:44 Arson
28:01 Squires
27:48 Gambesons
28:08 Husbandry
33:49 Imperial Age
31:55 Double-Bit Axe
32:06 Horse Collar
34:49 Wheelbarrow
34:25 Scale Barding Armor
34:23 Scale Mail Armor
35:44 Bow Saw
37:29 Elite Fire Lancer
40:48 Two-Man Saw
40:08 Heavy Plow
41:29 Elite Steppe Lancer
42:23 Bloodlines
42:09 Fletching
44:44 Fortified Wall
45:09 Elite Iron Pagoda
46:03 Padded Archer Armor
46:21 Forging
gerole
12:10 Feudal Age
14:47 Horse Collar
16:14 Loom
18:43 Man-at-Arms
25:18 Town Watch
26:08 Double-Bit Axe
27:39 Forging
29:09 Scale Mail Armor
32:51 Castle Age
32:47 Wheelbarrow
33:35 Long Swordsman
35:08 Iron Casting
36:03 Chain Mail Armor
37:28 Hand Cart
42:10 Bow Saw
46:18 Imperial Age
46:26 Loom
46:52 Legionary
48:47 Blast Furnace
AloneArcher
0:38 Loom
15:37 Feudal Age
16:46 Double-Bit Axe
20:08 Castle Age
18:34 Gold Mining
18:35 Stone Mining
22:58 Gold Shaft Mining
24:08 Wheelbarrow
23:45 Horse Collar
24:18 Bow Saw
28:01 Heavy Plow
28:26 Caravan
32:44 Imperial Age
31:21 Hand Cart
30:51 Town Watch
35:27 Two-Man Saw
42:03 Conscription
41:40 Elite Janissary
44:26 Heavy Camel Rider
45:45 Scale Barding Armor
45:41 Scale Mail Armor
49:43 Chain Barding Armor
49:38 Chain Mail Armor
49:24 Padded Archer Armor
49:14 Fletching
49:35 Forging
57:28 Bombard Tower
57:48 Plate Barding Armor
57:44 Plate Mail Armor
57:30 Leather Archer Armor
57:10 Bodkin Arrow
57:51 Iron Casting
juliocesaracostagaytan
13:40 Feudal Age
14:16 Horse Collar
18:42 Castle Age
18:04 Double-Bit Axe
18:11 Stone Mining
18:18 Gold Mining
19:48 Bow Saw
26:38 Wheelbarrow
25:51 Loom
27:19 Heavy Plow
29:18 Treadmill Crane
31:26 Hand Cart
32:00 Caravan
36:36 Imperial Age
34:55 Forging
34:50 Scale Barding Armor
34:46 Scale Mail Armor
35:50 Vendel Legacy
36:18 Town Watch
37:13 Iron Casting
37:00 Chain Barding Armor
36:43 Murder Holes
36:59 Masonry
37:10 Ballistics
37:01 Fortified Wall
37:15 Gambesons
37:30 Squires
37:16 Arson
37:54 Conscription
36:56 Elite Jarl
37:00 Gothikon
38:25 Chain Mail Armor
39:15 Blast Furnace
40:12 Elite Varangian Guard
41:59 Crop Rotation
44:19 Plate Mail Armor
44:25 Plate Barding Armor
46:49 Siege Engineers
47:45 Chemistry
54:29 Architecture
54:03 Town Patrol
minicap
2:42 Loom
13:31 Feudal Age
19:01 Castle Age
17:37 Stone Mining
27:58 Double-Bit Axe
Connection lost

Rejoining the realm…

Still unreachable

The connection could not be restored.

Session expired

The server has moved on; the page needs a fresh start.